 Dungeon Crawl Stone Soup version 0.29-a0-757-g358383bc75 (webtiles) character file.

Game seed: 11747350237303329788

105 zeratav the Ruffian (level 4, -14/44 HPs)
             Began as a Troll Fighter on July 1, 2022.
             Demolished by an ogre
             ... wielding a +0 giant spiked club
              (22 damage)
             ... on level 3 of the Dungeon.
             The game lasted 00:03:52 (1891 turns).

zeratav the Ruffian (Troll Fighter)                 Turns: 1891, Time: 00:03:52

Health: -14/44     AC:  7    Str: 26    XL:     4   Next: 54%
Magic:  3/3        EV:  8    Int:  4    God:
Gold:   43         SH:  7    Dex:  9    Spells: 3/3 levels left

rFire   . . .      SeeInvis .     - Unarmed
rCold   . . .      Faith    .   b - +0 kite shield
rNeg    . . .      Spirit   .   a - +0 robe
rPois   .          Reflect  .   (helmet restricted)
rElec   .          Harm     .   k - +2 cloak {Stlth+}
rCorr   .          Rampage  .   (gloves unavailable)
Will    .....                   (boots unavailable)
Stlth   ++........              (no amulet)
HPRegen 0.94/turn               (no ring)
MPRegen 0.08/turn               (no ring)

@: no status effects
A: large, unfitting armour, claws 3, regeneration 1, shaggy fur 1, tough skin 1
a: no special abilities


You were on level 3 of the Dungeon.
You visited 1 branch of the dungeon, and saw 3 of its levels.

You collected 43 gold pieces.


Innate Abilities, Weirdness & Mutations

You are too large for most types of armour.
You have claws for hands.
Your natural rate of healing is unusually fast.
You are covered in fur. (AC +1)
You have tough skin. (AC +1)


   Skills:
 + Level 2.9 Fighting
 + Level 1.2 Throwing
 - Level 2.4 Dodging
 + Level 3.2 Shields
 + Level 3.5 Unarmed Combat


You had 3 spell levels left.
You didn't know any spells.
Your spell library contained the following spells:

 Spells                   Type           Power      Damage    Failure   Level
 Shock                    Conj/Air       0%         1d3       80%         1
 Swiftness                Air            0%         N/A       99%         3
 Airstrike                Air            0%         N/A       100%        4

Inventory:

Armour
 a - a +0 robe (worn)
 b - a +0 kite shield (worn)
 k - a +2 cloak of stealth (worn)
   (You found it on level 3 of the Dungeon)
Scrolls
 e - a scroll of teleportation {unknown}
 j - a scroll of poison {unknown}
 l - a scroll of identify {unknown}
 m - a scroll of blinking {unknown}
Potions
 c - a potion of might
 d - 2 potions of curing {unknown}
 f - a potion of heal wounds {unknown}
 g - a potion of ambrosia {unknown}
 h - 3 potions of degeneration {unknown}
 i - 2 potions of brilliance {unknown}
 n - a potion of resistance {unknown}
 o - a potion of mutation {unknown}

Dungeon Overview and Level Annotations

Branches:
Dungeon (3/15) Zot: 16068

Altars:
Dithmenos

Shops:
D:2 *(*

Annotations:
D:1 1 runed translucent door

.##............ #####
............... . #....
............... ..##....
.....?......... .......
....:.!.......... #....
................. #<...
.......Or........ #....
......†@..##.$...# #....
..........##.....#####..
..#..#...............##..
..(. ##.....#......#.....
#..###..##.#............ .
#..#..###.#.......##...
..##.....##...........#...
.................##...#...
#.........##....#....#...


You could see an ogre and a rat.


Message History

No target in view!
No target in view!
No target in view!
No target in view!
No target in view!
No target in view!
No target in view!
No target in view!
No target in view!
No target in view!
No target in view!
No target in view!
No target in view!
No target in view!
A quokka is nearby!
A quokka is nearby!
A quokka is nearby!
A quokka is nearby!
You closely miss the quokka. You block the quokka's attack.
You closely miss the quokka. The quokka barely misses you.
You scratch the quokka.
You kill the quokka!
No target in view!
No target in view!
No target in view!
No target in view!
No target in view!
No target in view!
No target in view!
No target in view!
No target in view!
You now have enough gold to buy a potion of flight on D:2.
You can access your shopping list by pressing '$'.
You now have 43 gold pieces (gained 12).
o - a sapphire potion A frilled lizard comes into view.
A frilled lizard is nearby!
(D) Dungeon
Where to? (Enter - D:3, ? - help)
A frilled lizard is nearby!
An ogre comes into view. It is wielding a +0 giant spiked club.
The ogre shouts!
The frilled lizard bites you.
HP[-1]
You take 1 damage, and now have 43/44 hp.
You barely miss the frilled lizard.
A rat comes into view.
The frilled lizard bites you but does no damage.
HP[+1]
Your hp is fully restored (44).
You miss the frilled lizard. The frilled lizard misses you.
You completely miss the frilled lizard. The frilled lizard closely misses you.
You scratch the frilled lizard.
You kill the frilled lizard!
You block the ogre's attack.
You barely miss the ogre.
The ogre hits you with a +0 giant spiked club.
HP[-4]
You take 4 damage, and now have 40/44 hp.
You scratch the ogre but do no damage.
HP[+1]
You claw the ogre! The rat bites you but does no damage.
The ogre barely misses you.
HP[+1]
You scratch the ogre. You block the rat's attack. The ogre barely misses you.
HP[+1]
You claw the ogre! You block the rat's attack.
HP[+1]
Your hp is fully restored (44).
You barely miss the ogre.
The ogre hits you with a +0 giant spiked club!!
The rat closely misses you.
HP[-20]
You take 20 damage, and now have 24/44 hp.
MASSIVE DAMAGE!! (PAUSE)
You closely miss the ogre. You block the rat's attack.
The ogre hits you with a +0 giant spiked club!!
* * * LOW HITPOINT WARNING * * *
HP[-18]
You take 18 damage, and now have 6/44 hp.
MASSIVE DAMAGE!! (PAUSE)
You are too injured to fight recklessly!
You are too injured to fight recklessly!
You are too injured to fight recklessly!
You are too injured to fight recklessly!
You are too injured to fight recklessly!
You are too injured to fight recklessly!
You are too injured to fight recklessly!
You are too injured to fight recklessly!
You are too injured to fight recklessly!
You are too injured to fight recklessly!
You are too injured to fight recklessly!
You are too injured to fight recklessly!
You are too injured to fight recklessly!
You completely miss the ogre. You block the rat's attack.
HP[+1]
You claw the ogre! The rat bites you but does no damage.
The ogre hits you with a +0 giant spiked club!!
Ouch! That really hurt!
You die...

Skill      XL: |  1  2  3 |
---------------+----------+-----
Unarmed Combat | 3 |  3.5
Shields        | 3 |  3.2
Throwing       | 1 |  1.2
Fighting       | |  2.9
Dodging        | |  2.4

Action                   |  1- 3 |  4- 6 || total
-------------------------+-------+-------++-------
Melee: Unarmed           |   101 |    60 ||   161
 Stab: Sleeping          |       |     3 ||     3
Armor: Robe              |    30 |    24 ||    54
Dodge: Dodged            |    29 |    21 ||    50
Block: Kite shield       |    41 |    14 ||    55

Levels and vault maps discovered:
D:1:      dpeg_arrival_caged_fury, layout_loops_ring, serial_bayou,
          serial_bayou_pond_e, serial_bayou_lake_a, serial_bayou_pond_c,
          serial_bayou_pond_e
D:2:      layout_basic, serial_shops, shop, nicolae_shop_statue_plus,
          shop_fountains, hellmonk_ecumenical_altar_arch_garden
D:3:      layout_rooms, nicolae_dithmenos_shadow_blocks

Notes
Turn   | Place    | Note
-------+----------+-------------------------------------------
     0 | D:1      | zeratav the Troll Fighter began the quest for the Orb.
     0 | D:1      | Reached XP level 1. HP: 22/22 MP: 0/0
     0 | D:1      | Noticed a jelly
     0 | D:1      | magus.rc [v1.9.6]
     1 | D:1      | Found a runed translucent door.
   147 | D:1      | Reached XP level 2. HP: 27/29 MP: 1/1
   289 | D:1      | Reached skill level 3 in Unarmed Combat
   950 | D:2      | Reached XP level 3. HP: 36/36 MP: 2/2
  1033 | D:2      | Found a faded altar of an unknown god.
  1053 | D:2      | Reached skill level 3 in Shields
  1062 | D:2      | Reached skill level 1 in Throwing
  1062 | D:2      | HP: 9/36 [frozen (5)]
  1063 | D:2      | Reached XP level 4. HP: 12/44 MP: 3/3
  1129 | D:2      | Found Jeyngu's Weapon Shop.
  1282 | D:2      | Found Poprorph's General Store.
  1298 | D:2      | Found Feychott's Assorted Antiques.
  1735 | D:3      | You pick up a book of Air and begin reading...
  1735 | D:3      | You add the spells Shock, Swiftness and Airstrike to your
                  | library.
  1845 | D:3      | Found a shadowy altar of Dithmenos.
  1877 | D:3      | Noticed an ogre
  1889 | D:3      | HP: 6/44 [ogre/+0 giant spiked club (18)]
  1891 | D:3      | Demolished by an ogre

Vanquished Creatures
  3 gnolls (D:2)
  2 worms (D:2)
  A dart slug (D:3)
  An orc (D:3)
  7 endoplasms
  4 giant cockroaches
  5 goblins
  8 hobgoblins
  6 jackals (D:3)
  A quokka (D:3)
  5 ball pythons
  5 bats
  4 frilled lizards
  4 kobolds
  6 rats
62 creatures vanquished.

Table legend:
 A = Non-vault XP
 B = Vault XP
 C = Vault XP percentage of total XP
 D = Non-vault monster count
 E = Vault monster count
 F = Vault count percentage of total count
                 A         B        C        D         E       F
            +---------+---------+-------+---------+---------+-------
      Total |     151 |       0 |   0.0 |      62 |       0 |   0.0
            +---------+---------+-------+---------+---------+-------
        D:1 |      35 |       0 |   0.0 |      23 |       0 |   0.0
        D:2 |      88 |       0 |   0.0 |      24 |       0 |   0.0
        D:3 |      28 |       0 |   0.0 |      15 |       0 |   0.0
            +---------+---------+-------+---------+---------+-------

Illustrated notes

Table legend:
 A = Kills in this place as a percentage of kills in entire the game.
 B = Kills by you in this place as a percentage of kills by you in the entire game.
 C = Kills by friends in this place as a percentage of kills by friends in the entire game.
 D = Other kills in this place as a percentage of other kills in the entire game.
 E = Experience gained in this place as a percentage of experience gained in the entire game.
 F = Experience gained in this place divided by the number of levels of this place that you have seen.
                   A       B       C       D       E      F
               +-------+-------+-------+-------+-------+----------------------
         Total | 100.0 | 100.0 |   N/A |   N/A | 100.0 |  50.3
       Dungeon | 100.0 | 100.0 |   N/A |   N/A | 100.0 |  50.3
               +-------+-------+-------+-------+-------+----------------------

Table legend: (Time is in decaauts)
 A = Elapsed time spent in this place.
 B = Non-inter-level travel time spent in this place.
 C = Inter-level travel time spent in this place.
 D = Time resting spent in this place.
 E = Time spent auto-exploring this place.
 F = Levels seen in this place.
 G = Mean time per level.
                   A        B        C        D        E       F      G
               +--------+--------+--------+--------+--------+-----+--------+
         Total |   1930 |   1904 |     26 |      0 |   1507 |   3 |  643.3 |
       Dungeon |   1930 |   1904 |     26 |      0 |   1507 |   3 |  643.3 |
               +--------+--------+--------+--------+--------+-----+--------+

Top non-repeatable levels by time:
     D:2: 866 daAuts
     D:1: 849 daAuts
     D:3: 214 daAuts
